 Dungeon Crawl Stone Soup version 0.27-a0-1378-gdefffd1ff6 (webtiles) character file.

Game seed: 17724917180949988307

30 snetch the Magician (level 3, -8/25 HPs)
             Began as a Djinni Fire Elementalist on June 29, 2021.
             Was a Follower of the Shining One.
             Mangled by Sigmund (10 damage)
             ... on level 3 of the Dungeon.
             The game lasted 00:04:04 (1664 turns).

snetch the Magician (Djinni Fire Elementalist)      Turns: 1664, Time: 00:04:05

Health: -8/25      AC:  3    Str:  7    XL:     3   Next: 37%
Gold:   50         EV: 11    Int: 17    God:    the Shining One [*.....] SH:  0 Dex: 13

rFire    + + .     SeeInvis .   h - +0 trident
rCold    x . .     Faith    .   (no shield)
rNeg     . . .     Spirit   .   f - +0 leather armour
rPois    ∞         Reflect  .   (no helmet)
rElec    .         Harm     .   (no cloak)
rCorr    .         Rampage  .   (no gloves)
Will     .....                  (boots unavailable)
Stlth    +.........             (no amulet)
HPRegen  0.08/turn              (no ring)
MPRegen  0.00/turn              (no ring)

@: flying, glowing
A: sickness immunity, fire resistance 2, cold vulnerability 1, float, innate
caster, hp casting, extra vitality 1
a: Renounce Religion


You were on level 3 of the Dungeon.
You worshipped the Shining One.
The Shining One was aware of your devotion.
You visited 1 branch of the dungeon, and saw 3 of its levels.

You collected 50 gold pieces.

Inventory:

Hand Weapons
 d - a +0 short sword
 h - a +0 trident (weapon)
Missiles
 e - 31 stones
 i - 22 bolts
 m - 37 arrows
Armour
 a - a +0 scale mail
 f - a +0 leather armour (worn)
 j - a +0 ring mail
Scrolls
 b - a scroll of vulnerability {unknown}
 c - a scroll of magic mapping {unknown}
Potions
 g - a potion of mutation {unknown}
 k - a potion of heal wounds {unknown}
 l - a potion of haste {unknown}


   Skills:
 + Level 2.6 Dodging
 + Level 1.7 Stealth
 + Level 3.1 Spellcasting


You couldn't memorise any spells.
You knew the following spells:

 Your Spells              Type           Power      Damage    Failure   Level
a - Foxfire               Conj/Fire      52%        2x1d6     7%          1
b - Conjure Flame         Conj/Fire      13%        6-21      22%         3
c - Inner Flame           Hex/Fire       13%        N/A       22%         3
d - Sticky Flame          Conj/Fire      13%        2d4       56%         4
e - Fireball              Conj/Fire      6%         3d5       89%         5
f - Summon Small Mammal   Summ           52%        N/A       7%          1
Your spell library was empty.

Dungeon Overview and Level Annotations

Branches:
Dungeon (3/15)

Altars:
The Shining One

Annotations:
D:3 Grinder, Sigmund


Innate Abilities, Weirdness & Mutations

You are immune to sickness and miasma.
You are immune to poison.
Your flesh is very heat resistant. (rF++)
You are vulnerable to cold. (rC-)
You float through the air rather than walking.
You learn spells naturally, not from books.
Your magical power is your life essence.
You have superior vitality. (+4 HP)


Message History

Grinder is heavily wounded.
Your quokka misses Grinder. The ball python bites your rat.
The ball python barely misses your rat.
Grinder blinks!
Your bat barely misses the hobgoblin.
Something hits your bat.
Your bat dies!
Your bat's corpse disappears in a puff of smoke!
You conjure some foxfire!
The foxfire hits the adder.
The adder is lightly wounded.
The adder bites you. The adder bites you but does no damage.
Unknown command.
You conjure some foxfire!
The foxfire hits the ball python.
You kill the ball python!
The foxfire hits the adder.
The adder is lightly wounded.
Something hits you!
* * * LOW HITPOINT WARNING * * *
Grinder barely misses your rat.
Your rat bites Grinder but does no damage.
Your quokka barely misses Grinder.
The adder closely misses you.
The foxfire hits the adder.
The adder is severely wounded.
Your quokka bites Grinder but does no damage.
Grinder barely misses your rat.
Your rat misses Grinder.
Found a stone staircase leading up.
Unknown command.
Your quokka closely misses Grinder.
Grinder completely misses your rat.
Your rat bites Grinder.
The adder bites you.
* * * LOW HITPOINT WARNING * * *
Your quokka bites Grinder but does no damage.
Something hits your quokka!
Your quokka dies!
Your quokka's corpse disappears in a puff of smoke!
The hobgoblin hits your rat.
Your rat dies!
Your rat's corpse disappears in a puff of smoke!
The adder barely misses you. The adder bites you but does no damage.
There is a stone staircase leading up here.
Something hits you!
You die...

# #. # #. .#
#..####.#
..##..#....
#........# #@.#
#S.# #..# #..#
#####.#g5#
#<....#..#
#.#####..#######
#.#####.....5...
#..........§....


You could see Grinder, an adder and a hobgoblin.

Vanquished Creatures
  A dart slug (D:1)
  4 ball pythons
  7 bats
  2 giant cockroaches (D:1)
  3 goblins (D:1)
  A frilled lizard (D:1)
  7 kobolds
  2 rats (D:1)
27 creatures vanquished.

Vanquished Creatures (others)
  101 foxfires
  2 plants (D:2)
103 creatures vanquished.

Grand Total: 130 creatures vanquished

Notes
Turn   | Place    | Note
-------+----------+-------------------------------------------
     0 | D:1      | snetch the Djinni Fire Elementalist began the quest for the
                  | Orb.
     0 | D:1      | Reached XP level 1. HP: 15/15 MP: 0/0
    28 | D:1      | Reached XP level 2. HP: 13/21 MP: 0/0
   485 | D:1      | Reached skill level 3 in Spellcasting
   741 | D:1      | Reached XP level 3. HP: 22/25 MP: 0/0
   741 | D:1      | Learned a level 1 spell: Summon Small Mammal
   977 | D:1      | Found a faded altar of an unknown god.
   985 | D:1      | Became a worshipper of the Shining One
   985 | D:1      | Reached * piety under the Shining One
  1644 | D:3      | Noticed Grinder
  1644 | D:3      | Noticed Sigmund
  1664 | D:3      | Mangled by Sigmund

Illustrated notes

Levels and vault maps discovered:
D:1:      dpeg_arrival_tiny_a, layout_basic,
          hellmonk_ecumenical_altar_prayer_group
D:2:      layout_loops_ring, serial_forest, infiniplex_forest_clump_tiny,
          infiniplex_forest_clump_small, infiniplex_forest_corner_1,
          infiniplex_forest_zigzag_1, infiniplex_forest_clump_small,
          infiniplex_forest_straight_3, infiniplex_forest_straight_2,
          infiniplex_forest_clump_small, infiniplex_forest_clump_cross,
          infiniplex_forest_diagonal
D:3:      minmay_goblin_kobold_castle, layout_loops_ring,
          nicolae_dithmenos_the_darkroom, cheibrodos_sewer_entry_drain,
          kennysheep_generic_room_12, uniq_ijyb, uniq_sigmund, uniq_grinder

Skill      XL: |  1  2 |
---------------+-------+-----
Spellcasting   | 3 |  3.1
Dodging        | |  2.6
Stealth        | |  1.7

Action                   || total
-------------------------++-------
 Cast: Foxfire           ||    62
       Summon Small Mamm ||     4
Armor: Robe              ||     2
       Leather armour    ||    12
Dodge: Dodged            ||     7

Table legend: (Time is in decaauts)
 A = Elapsed time spent in this place.
 B = Non-inter-level travel time spent in this place.
 C = Inter-level travel time spent in this place.
 D = Time resting spent in this place.
 E = Time spent auto-exploring this place.
 F = Levels seen in this place.
 G = Mean time per level.
                   A        B        C        D        E       F      G
               +--------+--------+--------+--------+--------+-----+--------+
         Total |   1665 |   1557 |    108 |      0 |   1240 |   3 |  555.0 |
       Dungeon |   1665 |   1557 |    108 |      0 |   1240 |   3 |  555.0 |
               +--------+--------+--------+--------+--------+-----+--------+

Top non-repeatable levels by time:
     D:1: 1521 daAuts
     D:2: 115 daAuts
     D:3: 28 daAuts
